 Dungeon Crawl Stone Soup version 0.21.1-1-g345015f (webtiles) character file.

139 Taravok the Shooter (level 5, -3/61 HPs)
             Began as a Centaur Arcane Marksman on Apr 3, 2018.
             Slain by Verendum's ghost (4 damage)
             ... on level 3 of the Dungeon.
             The game lasted 00:14:22 (2234 turns).

Taravok the Shooter (Centaur Arcane Marksman)       Turns: 2234, Time: 00:14:23

Health: -3/61      AC:  4    Str: 18    XL:     5   Next: 1%
Magic:  0/6        EV:  9    Int: 12    God:
Gold:   73         SH:  0    Dex: 10    Spells: 6/6 levels left

rFire    . . .     SeeInvis .   w - +4 mace
rCold    . . .     Gourm    .   (no shield)
rNeg     . . .     Faith    .   x - +0 leather armour (curse)
rPois    .         Spirit   +   (no helmet)
rElec    .         Reflect  .   (no cloak)
rCorr    .         Harm     .   (no gloves)
MR       .....                  (no barding)
Stlth    ..........             p - amulet of guardian spirit
HPRegen  0.20/turn              (no ring)
MPRegen  0.10/turn              (no ring)

@: berserking, lethally poisoned (-3 -> -4), drained, very quick
A: large, hooves 3, deformed body, speed 2, tough skin 3
a: no special abilities


You were on level 3 of the Dungeon.
You were not hungry.

You visited 1 branch of the dungeon, and saw 3 of its levels.

You collected 73 gold pieces.

Inventory:

Hand Weapons
 a - a +0 shortbow
 g - a +0 short sword
 k - a +0 short sword
 n - a +1 dagger of draining
 w - a +4 mace (weapon)
Missiles
 d - 50 arrows (quivered)
 m - 7 needles of confusion
 v - 11 poisoned needles
Armour
 e - a +0 robe
 l - a +0 leather armour
 x - a cursed +0 leather armour (worn)
Jewellery
 p - an amulet of guardian spirit (around neck)
Wands
 y - a wand of scattershot (3)
Scrolls
 i - 3 scrolls of immolation
 j - a scroll of teleportation {unknown}
 q - a scroll of identify
 r - 2 scrolls of magic mapping
 t - a scroll of enchant weapon {unknown}
Potions
 h - a potion of curing {unknown}
 o - a potion of lignification {unknown}
 s - a potion of heal wounds {unknown}
 u - a potion of brilliance {unknown}
Books
 c - a book of Debilitation

   Spells                             Type                      Level
   a - Corona                         Hexes                        1
   b - Slow                           Hexes                        2
   c - Inner Flame                    Hexes/Fire                   3
   d - Portal Projectile              Hexes/Translocation          3
   e - Cause Fear                     Hexes                        4
   f - Leda's Liquefaction            Hexes/Earth                  4
Comestibles
 f - 4 rations


   Skills:
 + Level 1.8(1.6) Fighting
 + Level 0.6(0.4) Short Blades
 + Level 1.4(1.2) Maces & Flails
 + Level 4.1(3.9) Bows
 + Level 0.8(0.6) Armour
 + Level 1.7(1.5) Dodging
 + Level 1.0(0.8) Spellcasting
   Level 3.4(3.2) Hexes


You had 6 spell levels left.
You didn't know any spells.

Dungeon Overview and Level Annotations

Branches:
Dungeon (3/15)

Altars:
Makhleb
Nemelex Xobeh

Annotations:
D:3 Verendum's ghost, amateur GrFi


Innate Abilities, Weirdness & Mutations

You have hooves in place of feet.
Armour fits poorly on your strangely shaped body.
You cover ground very quickly.
You have extremely tough skin. (AC +3)


Message History

* * * LOW HITPOINT WARNING * * *
You feel sick.
It was a potion of berserk rage.
A red film seems to cover your vision as you go berserk!
You feel yourself moving faster!
You feel mighty! The adder bites you but does no damage.
You thump the adder!
You kill the adder!
You have reached level 5!
You feel sick.
The rat twitches its whiskers.
You barely miss Verendum's ghost. You kick Verendum's ghost.
Verendum's ghost is lightly damaged.
Verendum's ghost hits you.
* * * LOW HITPOINT WARNING * * *
Your leather armour prevents you from hitting Verendum's ghost.
Your kick misses Verendum's ghost.
Verendum's ghost is lightly damaged.
Verendum's ghost hits you.
You die...

.. ####### .. #.....# #.
#.....# #.## #.....# ..#
#(....# # ##### #.# #.....#
.#
......####.####.....######..#
........†...@Wr...........>.#
......####.####......##.##.##
..... #.....#####..#..)# #
.... #.........r..#.### ...
#............#...# ..
#....#......†....# #
.....#.......##..#
...#(...)(...# ..#
.....(..#.## ..#


You could see Verendum's ghost and a rat.

Vanquished Creatures
  An iguana (D:3)
  6 adders
  An ooze (D:1)
  2 worms (D:2)
  2 leopard geckos
  5 bats
  3 goblins
  6 hobgoblins
  6 jackals (D:2)
  A quokka (D:2)
  2 ball pythons (D:2)
  A frilled lizard (D:2)
  9 kobolds
  5 rats
  A plant (D:1)
51 creatures vanquished.

Notes
Turn   | Place    | Note
-------+----------+-------------------------------------------
     0 | D:1      | Taravok the Centaur Arcane Marksman began the quest for the Orb.
     0 | D:1      | Reached XP level 1. HP: 16/16 MP: 2/2
   136 | D:1      | Found a sparkling altar of Nemelex Xobeh.
   162 | D:1      | Reached XP level 2. HP: 23/23 MP: 3/3
   319 | D:1      | Reached skill level 3 in Bows
   683 | D:2      | Found a burning altar of Makhleb.
   752 | D:2      | Reached XP level 3. HP: 27/28 MP: 4/4
  1366 | D:2      | Reached skill level 4 in Bows
  1366 | D:2      | Reached XP level 4. HP: 23/35 MP: 3/5
  2198 | D:3      | Reached skill level 1 in Maces & Flails
  2209 | D:3      | Noticed Verendum's ghost (amateur GrFi)
  2232 | D:3      | Reached XP level 5. HP: 5/41 MP: 2/6
  2233 | D:3      | HP: 1/61 [Verendum's ghost (3)]
  2234 | D:3      | Slain by Verendum's ghost

Skill      XL: |  1  2  3  4 |
---------------+-------------+-----
Hexes          | 3 |  3.4
Bows           | 3 4 |  4.1
Maces & Flails | 1 |  1.4
Fighting       | |  1.8
Short Blades   | |  0.6
Armour         | |  0.8
Dodging        | |  1.7
Spellcasting   | |  1.0

Action                   |  1- 3 |  4- 6 || total
-------------------------+-------+-------++-------
Melee: Short sword       |    65 |       ||    65
       Kick              |    30 |     8 ||    38
       Dagger            |    43 |       ||    43
       Mace              |     9 |    48 ||    57
 Fire: Shortbow          |    49 |    13 ||    62
  Use: Scroll            |     5 |       ||     5
       Potion            |       |     1 ||     1
  Eat: Ration            |     1 |       ||     1
Armor: Robe              |     1 |       ||     1
       Leather armour    |    41 |    21 ||    62
Dodge: Dodged            |    51 |    49 ||   100
